 Dungeon Crawl Stone Soup version 0.31.0-32-g396128a36d (webtiles) character file.

Game seed: 20044145447266705

767 Blerch the Changeling (level 7, -3/52 HPs)
             Began as an Octopode Shapeshifter on Mar 20, 2024.
             Was an Initiate of Gozag.
             Succumbed to a water moccasin's poison
             ... on level 5 of the Dungeon.
             The game lasted 00:04:38 (4221 turns).

Blerch the Changeling (Octopode Shapeshifter)       Turns: 4221, Time: 00:04:38

Health: -3/52      AC:  1    Str: 13    XL:     7   Next: 82%
Magic:  7/7        EV: 13    Int: 14    God:    Gozag
Gold:   294        SH:  0    Dex: 12    Spells: 6/6 levels left

rFire   . . .        r - +1 dagger (venom)
rCold   . . .        (no shield)
rNeg    . . .        (helmet currently unavailable)
rPois   .            (no amulet)
rElec   .            Z - ring of wizardry
rCorr   .            (no ring)
SInv    .            (no ring)
Will    .....        (no ring)
Stlth   ++           (no ring)
HPRegen 0.28/turn    (no ring)
MPRegen 0.10/turn    (no ring)
                     (no ring)

%: wizardry (x1)
@: lethally poisoned (-3 -> -27), beast-form, gold aura
A: beast (slay +3), almost no armour, amphibious, 8 rings, camouflage 1,
gelatinous body 1, (nimble swimmer 1), tentacles
a: Begin Untransformation, Renounce Religion, Potion Petition, Call Merchant,
Bribe Branch


You were on level 5 of the Dungeon.
You worshipped Gozag.
Gozag was aware of your devotion.
You were a hulking beast.
You visited 2 branches of the dungeon, and saw 6 of its levels.

You collected 371 gold pieces.
You paid 77 gold pieces to Gozag.


Innate Abilities, Weirdness & Mutations

You are a hulking beast.
Your limbs bulge with bestial killing power. (Slay +3)
You cannot wear most types of armour.
You are amphibious.
You can wear up to eight rings at the same time.
Your skin changes colour to match your surroundings (Stealth+).
Your rubbery body absorbs attacks. (AC +1, EV +1)
((You are camouflaged when in or above water. (Stealth+)))
You have tentacles for arms and can constrict up to eight enemies at once.


   Skills:
 - Level 6.0 Fighting
 - Level 2.0 Dodging
 - Level 3.0 Unarmed Combat
 + Level 6.2 Shapeshifting


You had 6 spell levels left.
You didn't know any spells.
Your spell library contained the following spells:

 Spells                   Type           Power      Damage    Failure   Level
 Sandblast                Erth           0%         2d4       12%         1
 Ozocubu's Armour         Ice            0%         N/A       32%         3
 Passwall                 Erth           0%         N/A       32%         3
 Stone Arrow              Conj/Erth      0%         3d7       32%         3
 Brom's Barrelling Bould  Conj/Erth      0%         2d3       71%         4
 Alistair's Intoxication  Alch           0%         N/A       95%         5
 Freezing Cloud           Conj/Ice/Air   0%         6-21      95%         5
 Ozocubu's Refrigeration  Ice            0%         4d7       100%        7

Inventory:

Hand Weapons
 r - a +1 dagger of venom (weapon)
Magical Staves
 s - a staff of death {!a}
Jewellery
 Z - a ring of wizardry (left tentacle)
Talismans
 b - a beast talisman
 c - a flux talisman
Wands
 u - a wand of roots (5)
Scrolls
 d - 2 scrolls of teleportation {unknown}
 f - 2 scrolls of blinking {unknown}
 g - 4 scrolls of identify {unknown}
 j - 4 scrolls of immolation {unknown}
 k - a scroll of fear {unknown}
 l - 2 scrolls of enchant weapon {unknown}
 p - 2 scrolls of fog {unknown}
 q - a scroll of brand weapon {unknown}
 t - a scroll of vulnerability {unknown}
 v - a scroll of poison {unknown}
Potions
 a - a potion of lignification
 e - 2 potions of magic
 h - 2 potions of might {unknown}
 i - a potion of brilliance {unknown}
 m - 2 potions of attraction {unknown}
 n - a potion of mutation {unknown}
 o - a potion of enlightenment {unknown}

Dungeon Overview and Level Annotations

Branches:
Dungeon (5/15)             Temple (1/1) D:4

Altars:
Ashenzari
Cheibriados
Fedhas
Gozag
Kikubaaqudgha
Makhleb
Okawaru
Ru
Sif Muna
Trog
Uskayaw
Vehumet
Wu Jian
Xom
Yredelemnul
The Shining One

Annotations:
D:5 1 transporter, exclusion: acid dragon, Alphaeus's ghost, novice TrSh

#..... ......... #.....
....... #.....
▒▒▒▒.$.... #.....
...▒..... #..... .▒.....
######..... ▒..▒....#
#.......... ▒..▒..l5#
#.......... ..W▒..5h#
#..........
Z.5▒©...######.....)####
Z.Z▒....)...<#......##
▒..▒.....#####.......#
▒..▒......## #.......#
...▒.......♣♣♣♣♣♣♣♣♣.#
..▒.....#♣.........♣#
▒▒▒▒..##.#♣.≈≈≈≈≈≈≈.♣
..... #|#♣≈..≈≈≈..≈♣


You could see an iguana, Alphaeus's ghost, a shadow imp, 2 ufetubi, a bullfrog
zombie (wandering) and 2 bullfrog skeletons.


Message History

The ufetubus hits you.
You barely miss the water moccasin.
The water moccasin is severely wounded.
You constrict the water moccasin.
You feel sick. The water moccasin bites you.
You are more poisoned.
The water moccasin poisons you! The water moccasin closely misses you.
You hit the water moccasin. Your squeeze misses the water moccasin.
The water moccasin is almost dead.
You constrict the water moccasin.
You feel very sick. The water moccasin bites you!
* * * LOW HITPOINT WARNING * * *
You are more poisoned.
The water moccasin poisons you!
You hit the water moccasin.
You kill the water moccasin!
* * * LOW HITPOINT WARNING * * *
You feel extremely sick. The ufetubus hits you.
* * * LOW HITPOINT WARNING * * *
The ufetubus hits you.
* * * LOW HITPOINT WARNING * * *
The ufetubus barely misses you. The ufetubus hits you.
* * * LOW HITPOINT WARNING * * *
The ufetubus completely misses you. The ufetubus barely misses you.
Your Shapeshifting skill increases to level 6!
Unknown command.
It was a potion of magic.
Magic courses through your body.
You die...
Your body crumbles into a pile of gold.

Skill      XL: |  1  2  3  4  5  6  7 |
---------------+----------------------+-----
Fighting       | 2 3 4 5 6 |  6.0
Shapeshifting  | 4 5 6 |  6.2
Dodging        | |  2.0
Unarmed Combat | |  3.0

Action                     |  1- 3 |  4- 6 |  7- 9 || total
---------------------------+-------+-------+-------++-------
  Melee: Unarmed           |    36 |       |       ||    36
         Tentacles         |     9 |    20 |    11 ||    40
         Constrict         |    15 |    11 |    11 ||    37
         Punch             |     2 |     2 |       ||     4
         Dagger            |     6 |    57 |    48 ||   111
    Use: Potion            |       |       |     1 ||     1
   Stab: Sleeping          |     5 |     6 |     1 ||    12
 Armour: Skin              |    14 |    25 |    27 ||    66
  Dodge: Dodged            |    13 |    26 |    21 ||    60

Levels and vault maps discovered:
D:1:      minmay_arrival_three_doors, layout_basic, basic_ecumenical_altar,
          skrybe_limestone_x
D:2:      layout_basic, minmay_fractal_squares_5
D:3:      kennysheep_big_flooded_room, layout_basic,
          nicolae_overflow_macrodata_refinement, jmf_multi_god_temple2
D:4:      layout_loops_ring, mainiacjoe_overflow_small_starburst,
          bloody_makhleb, kennysheep_mini_moat, temple_doors_e, serial_forest,
          infiniplex_forest_straight_5, infiniplex_forest_straight_2,
          infiniplex_forest_lined_room_2, infiniplex_forest_zigzag_1,
          infiniplex_forest_zigzag_1, infiniplex_forest_zigzag_2,
          infiniplex_forest_diagonal, infiniplex_forest_zigzag_1, uniq_sigmund
D:5:      layout_basic, mainiacjoe_overflow_paths, gammafunk_ghost_mausoleum,
          minivault_14
Temple:   nicolae_temple_superstar

Notes
Turn   | Place    | Note
-------+----------+-------------------------------------------
     0 | D:1      | Blerch the Octopode Shapeshifter began the quest for the
                  | Orb.
     0 | D:1      | Reached XP level 1. HP: 13/13 MP: 1/1
   197 | D:1      | Found a faded altar of an unknown god.
   414 | D:1      | Reached skill level 2 in Fighting
   414 | D:1      | Reached XP level 2. HP: 19/19 MP: 2/2
   975 | D:2      | Reached XP level 3. HP: 25/25 MP: 3/3
   983 | D:2      | Reached skill level 3 in Fighting
  1482 | D:3      | Reached XP level 4. HP: 31/31 MP: 4/4
  1659 | D:3      | Found a bloodstained altar of Trog.
  1659 | D:3      | Found a broken altar of Ashenzari.
  1670 | D:3      | Found an iron altar of Okawaru.
  1674 | D:3      | Found a radiant altar of Vehumet.
  1989 | D:3      | Found a sacrificial altar of Ru.
  1998 | D:3      | Found a shimmering blue altar of Sif Muna.
  2432 | D:4      | Reached skill level 4 in Fighting
  2432 | D:4      | Reached XP level 5. HP: 7/37 MP: 5/5
  2673 | D:4      | Found a blossoming altar of Fedhas.
  2691 | D:4      | Reached skill level 4 in Shapeshifting
  2822 | D:4      | Got the Octavo of the Algid Alembic
  2836 | D:4      | Found a burning altar of Makhleb.
  2843 | D:4      | Reached XP level 6. HP: 24/45 MP: 6/6
  3025 | D:4      | Reached skill level 5 in Fighting
  3084 | D:4      | Noticed Sigmund
  3094 | D:4      | Killed Sigmund
  3095 | D:4      | Reached skill level 5 in Shapeshifting
  3095 | D:4      | Reached XP level 7. HP: 34/50 MP: 7/7
  3305 | D:4      | Identified the +0 ring mail of the Known World {Harm rElec
                  | rN+ Will-}
  3306 | D:4      | Found a staircase to the Ecumenical Temple.
  3314 | Temple   | Entered the Ecumenical Temple
  3348 | Temple   | Became a worshipper of Gozag Ym Sagoz the Greedy
  3606 | D:4      | Found an ancient bone altar of Kikubaaqudgha.
  3920 | D:5      | Entered Level 5 of the Dungeon
  3985 | D:5      | Reached skill level 6 in Fighting
  4190 | D:5      | Found a basalt altar of Yredelemnul.
  4207 | D:5      | Found a transporter.
  4209 | D:5      | Noticed Alphaeus's ghost (novice TrSh)
  4220 | D:5      | HP: 4/52 [ufetubus (3)]
  4221 | D:5      | Reached skill level 6 in Shapeshifting
  4221 | D:5      | Succumbed to a water moccasin's poison

Vanquished Creatures
  Sigmund (D:4)
  A water moccasin (D:5)
  A gnoll sergeant (D:5)
  A scorpion (D:4)
  2 bombardier beetles (D:4)
  3 hounds
  An orc priest (D:3)
  A jelly (D:4)
  An iguana (D:4)
  An orc wizard (D:4)
  4 gnolls (D:5)
  An adder (D:2)
  2 ribbon worms
  A dart slug (D:1)
  4 orcs
  7 endoplasms
  3 goblins
  9 hobgoblins
  4 jackals
  4 quokkas
  4 ball pythons
  2 bats
  A frilled lizard (D:2)
  4 kobolds
  5 rats
68 creatures vanquished.

Table legend: (Time is in decaauts)
 A = Elapsed time spent in this place.
 B = Non-inter-level travel time spent in this place.
 C = Inter-level travel time spent in this place.
 D = Time resting spent in this place.
 E = Time spent auto-exploring this place.
 F = Levels seen in this place.
 G = Mean time per level.
                   A        B        C        D        E       F      G
               +--------+--------+--------+--------+--------+-----+--------+
         Total |   4217 |   4031 |    186 |    608 |   2897 |   6 |  702.8 |
       Dungeon |   4158 |   4022 |    136 |    608 |   2888 |   5 |  831.6 |
        Temple |     59 |     10 |     49 |      0 |      9 |   1 |   59.0 |
               +--------+--------+--------+--------+--------+-----+--------+

Top non-repeatable levels by time:
     D:4: 1483 daAuts
     D:3: 978 daAuts
     D:2: 821 daAuts
     D:1: 573 daAuts
     D:5: 300 daAuts
  Temple: 59 daAuts

Table legend:
 A = Non-vault XP
 B = Vault XP
 C = Vault XP percentage of total XP
 D = Non-vault monster count
 E = Vault monster count
 F = Vault count percentage of total count
                 A         B        C        D         E       F
            +---------+---------+-------+---------+---------+-------
      Total |     854 |     242 |  22.1 |      59 |       9 |  13.2
            +---------+---------+-------+---------+---------+-------
        D:1 |      13 |       0 |   0.0 |       7 |       0 |   0.0
        D:2 |      28 |      10 |  26.3 |      10 |       4 |  28.6
        D:3 |     104 |       6 |   5.5 |      10 |       4 |  28.6
        D:4 |     367 |     226 |  38.1 |      22 |       1 |   4.3
        D:5 |     342 |       0 |   0.0 |      10 |       0 |   0.0
            +---------+---------+-------+---------+---------+-------
